 Dungeon Crawl Stone Soup version 0.30.0-10-gfe55d96785 (webtiles) character file.

Game seed: 2963335861948863784

58065 KamiKatze the Severer (level 14, -2/129 HPs)
             Began as a Hill Orc Monk on May 13, 2023.
             Was the Champion of Qazlal.
             Slain by a deep troll (8 damage)
             ... on level 1 of the Orcish Mines on May 14, 2023.
             The game lasted 01:03:10 (17400 turns).

KamiKatze the Severer (Hill Orc Monk)              Turns: 17400, Time: 01:03:11

Health: -2/129     AC: 25    Str: 27    XL:     14   Next: 88%
Magic:  0/23       EV: 11    Int:  8    God:    Qazlal [******]
Gold:   2861       SH:  8    Dex: 13    Spells: 13/13 levels left

rFire   . . .        a - +0 battleaxe
rCold   + + +        (shield currently unavailable)
rNeg    + . .        W - +0 plate armour of the Shining Light {-Cast rC+++ Str+8 Int-2}
rPois   .            G - +0 helmet
rElec   .            f - +0 cloak
rCorr   .            B - +0 pair of gloves
SInv    .            y - +1 pair of boots {Fly}
Will    ++...        p - amulet of guardian spirit Stlth
                     E - ring of positive energy
HPRegen 0.41/turn    H - ring of willpower
MPRegen 0.18/turn

%: no spellcasting, repel missiles, guardian spirit
@: protected from physical damage, flying
A: no striking features
a: Renounce Religion, Upheaval, Elemental Force, Disaster Area


You were on level 1 of the Orcish Mines.
You worshipped Qazlal.
Qazlal was exalted by your worship.
You visited 4 branches of the dungeon, and saw 19 of its levels.

You collected 2861 gold pieces.

Inventory:

Hand Weapons
 a - a +0 battleaxe (weapon)
 w - a +1 hand axe of flaming
Missiles
 j - 2 throwing nets
 z - a curare-tipped dart
 F - 33 poisoned darts (quivered)
Armour
 f - a +0 cloak (worn)
 y - a +1 pair of boots of flying (worn)
 B - a +0 pair of gloves (worn)
 G - a +0 helmet (worn)
 P - +0 fire dragon scales
 Q - +0 acid dragon scales
 W - the +0 plate armour of the Shining Light (worn) {-Cast rC+++ Str+8 Int-2}
   (You found it on level 1 of the Lair of Beasts)

   Str:       It affects your strength (+8).
   Int:       It affects your intelligence (-2).
   rC:        It renders you almost immune to cold.
   -Cast:     It prevents spellcasting.
Jewellery
 i - a ring of ice
 p - an amulet of guardian spirit (around neck)
 q - a +6 ring of intelligence
 A - a ring of see invisible
 E - a ring of positive energy (left hand)
 H - a ring of willpower (right hand)
 O - a ring of positive energy
 R - an amulet of the acrobat
Wands
 g - a wand of quicksilver (12)
 C - a wand of digging (4)
 D - a wand of flame (8)
 I - a wand of mindburst (8)
 L - a wand of paralysis (3)
Scrolls
 h - a scroll of fog
 m - 4 scrolls of teleportation
 n - a scroll of torment
 x - 4 scrolls of vulnerability
 N - a scroll of identify
 S - 4 scrolls of poison
 T - 2 scrolls of silence
 Y - a scroll of fear
 Z - a scroll of magic mapping
Potions
 c - 4 potions of ambrosia
 k - 6 potions of attraction
 l - 3 potions of heal wounds
 s - 14 potions of curing
 u - a potion of resistance
 v - 3 potions of haste
 K - a potion of might
 M - 2 potions of lignification
 X - 2 potions of berserk rage
Miscellaneous
 d - a condenser vane
 J - a phantom mirror
 V - a lightning rod (4/4)


   Skills:
 + Level 13.2 Fighting
 * Level 19.3 Axes
 + Level 11.6 Armour
 + Level 9.4 Dodging
 * Level 12.7 Invocations
 - Level 4.0 Evocations


You had 13 spell levels left.
You didn't know any spells.
Your spell library contained the following spells:

 Spells                   Type           Power      Damage    Failure   Level
 Beastly Appendage        Tmut           0%         N/A       98%         1
 Kiss of Death            Conj/Necr      0%         2d5       98%         1
 Necrotise                Necr           0%         1d4       98%         1
 Summon Small Mammal      Summ           0%         N/A       98%         1
 Poisonous Vapours        Pois/Air       0%         N/A       99%         2
 Wereblood                Tmut           0%         N/A       99%         2
 Call Canine Familiar     Summ           0%         N/A       100%        3
 Confusing Touch          Hex            0%         N/A       100%        3
 Mephitic Cloud           Conj/Pois/Air  0%         N/A       100%        3
 Spider Form              Tmut/Pois      0%         N/A       100%        3
 Summon Guardian Golem    Hex/Summ       0%         N/A       100%        3
 Vampiric Draining        Necr           0%         2d6       100%        3
 Dispel Undead            Necr           0%         3d6       100%        4
 Agony                    Necr           0%         N/A       100%        5
 Freezing Cloud           Conj/Ice/Air   0%         6-21      100%        5
 Summon Forest            Summ/Tloc      0%         N/A       100%        5
 Summon Mana Viper        Hex/Summ       0%         N/A       100%        5
 Summon Cactus Giant      Summ           0%         N/A       100%        6


Dungeon Overview and Level Annotations

Branches:
Dungeon (11/15)            Temple (1/1) D:6            Lair (5/5) D:11
  Swamp (0/4) Lair:2        Snake (0/4) Lair:2        Slime (0/5) Lair:4
    Orc (2/2) D:9
    Elf: Orc:2

Altars:
Ashenzari
Cheibriados
Dithmenos
Elyvilon
Fedhas
Gozag
Hepliaklqana
Kikubaaqudgha
Makhleb
Nemelex Xobeh
Okawaru
Qazlal
Ru
Sif Muna
Trog
Uskayaw
Vehumet
Wu Jian
Xom
Yredelemnul
Zin
The Shining One
Beogh

Annotations:
D:10 2 transporters, puimuR's ghost, novice VSVM
Lair:2 1 runed translucent door, exclusion: door, Xudgha's ghost, journeyman MiFi


Message History

You hit the ettin but do no damage. You slash the troll!
You kill the troll!
Qazlal accepts your kill.
You barely miss the deep troll. You slice the troll!!
The ettin hits you with a +0 dire flail!
* * * LOW HITPOINT WARNING * * *
The ettin hits you with a +0 dire flail!
* * * LOW HITPOINT WARNING * * *
You slice the ettin!!
The ettin is moderately wounded.
You closely miss the troll.
You hit the deep troll but do no damage.
The troll bites you but does no damage.
The troll claws you but does no damage. x2
You block the deep troll's attack. The deep troll barely misses you. x2
You block the ettin's attack.
The ettin hits you with a +0 dire flail.
* * * LOW HITPOINT WARNING * * *
You feel protected from physical attacks.
You hit the ettin but do no damage.
The ettin is moderately wounded.
You barely miss the deep troll. You hit the troll.
The troll bites you but does no damage. The troll claws you but does no damage.
You block the troll's attack. You block the deep troll's attack.
The deep troll claws you but does no damage.
The deep troll claws you.
* * * LOW HITPOINT WARNING * * *
You hit the ettin.
The ettin is moderately wounded.
You hit the deep troll. You hit the troll.
The ettin hits you with a +0 dire flail.
* * * LOW HITPOINT WARNING * * *
You feel more protected from physical attacks.
The ettin hits you but does no damage. The troll closely misses you.
The troll claws you.
* * * LOW HITPOINT WARNING * * *
You feel more protected from physical attacks.
The troll claws you but does no damage. The deep troll bites you!
* * * LOW HITPOINT WARNING * * *
The deep troll claws you!
You die...

###### ##.#.....## #...#
##.##.## ####....[###....
#...##.## ###.....#....
##.#....# ### ####........
#.......###.####.###....##. ###
##...........##............
##.###........§..####...........
#.........#....°)## ##....#.....
##..#....#####T@○.###....####...
#####...# ##°°CT#.#......#.....
#....###...☼☼..###..........
###...#....#.....###......#.
#........#....###.....####
##.................#.###.#
##...............#.####..
##...............#.##...
##........_....#.##....


You could see an ettin, a deep troll and a troll.

Vanquished Creatures
  Kirke (Lair:4)
  A fire dragon (Lair:5)
  Josephine (D:10)
  5 hydras
  A catoblepas (Lair:2)
  Erica (D:11)
  4 two-headed ogres
  2 skysharks
  A swamp dragon (Lair:5)
  An orc knight (Orc:1)
  Pikel (D:5)
  4 wolf spiders
  A salamander (Lair:2)
  A manticore (D:11)
  25 elephants
  10 black mambas
  A guardian serpent (Lair:5)
  A gargoyle (D:11)
  A torpor snail (Lair:1)
  Maggie (D:8)
  16 cane toads
  2 rime drakes
  11 komodo dragons
  5 trolls
  2 tarantellas (Orc:1)
  2 hornets (Lair:5)
  A polar bear (Lair:3)
  Prince Ribbit (D:6)
  7 blink frogs
  10 wyverns
  46 yaks
  4 hogs
  3 humans
  A steam dragon (D:9)
  5 wraiths
  5 basilisks
  A redback (Lair:5)
  2 wargs
  4 acid dragons
  17 water moccasins
  2 swamp drakes (Lair:5)
  3 sky beasts
  8 orc warriors
  2 ice beasts
  10 ogres
  3 wolves (Lair:4)
  3 centaurs
  A phantom (D:5)
  A kobold brigand (D:10)
  Blork the orc (D:4)
  14 bullfrogs
  2 scorpions
  14 wights
  24 killer bees
  A howler monkey (D:8)
  6 electric eels
  A bullfrog zombie (D:7)
  3 centaur zombies (D:7)
  4 lava snakes (Lair:2)
  2 hounds
  2 jellies
  10 orc priests
  A sleepcap (D:5)
  Natasha (thrice) (D:3)
  A gnoll bouda (D:9)
  4 iguanas
  11 orc wizards
  A killer bee zombie (D:7)
  2 howler monkey zombies (D:7)
  3 gnolls (D:9)
  5 adders
  3 shadow imps
  2 ufetubi
  2 worms (D:2)
  A dart slug (D:1)
  52 orcs
  3 bats
  6 endoplasms
  3 giant cockroaches
  9 goblins
  2 hobgoblins
  6 quokkas
  7 ball pythons
  3 frilled lizards
  12 kobolds
  6 rats
474 creatures vanquished.

Vanquished Creatures (others)
  A steam dragon (Lair:5)
  2 iguanas (Lair:5)
3 creatures vanquished.

Grand Total: 477 creatures vanquished

Notes
Turn   | Place    | Note
-------+----------+-------------------------------------------
     0 | D:1      | KamiKatze the Hill Orc Monk began the quest for the Orb.
     0 | D:1      | Reached XP level 1. HP: 19/19 MP: 1/1
   164 | D:1      | Reached XP level 2. HP: 22/27 MP: 2/2
   245 | D:1      | Reached skill level 1 in Armour
   357 | D:1      | Reached XP level 3. HP: 32/33 MP: 3/3
   509 | D:2      | Found a radiant altar of Vehumet.
   648 | D:2      | Found the +1 robe of Vines {NoPotionHeal Regen++++}
   667 | D:2      | Upgraded the game from 0.30.0-7-g0c4daa9e05 to
                  | 0.30.0-10-gfe55d96785
  1220 | D:3      | Reached skill level 5 in Axes
  1220 | D:3      | Reached XP level 4. HP: 37/40 MP: 4/4
  1653 | D:3      | Noticed Natasha
  1659 | D:3      | Killed Natasha
  1759 | D:3      | Reached XP level 5. HP: 47/47 MP: 5/5
  2437 | D:3      | Noticed Natasha
  2445 | D:3      | Killed Natasha
  2505 | D:3      | Noticed Natasha
  2511 | D:3      | Killed Natasha
  2570 | D:4      | Reached skill level 6 in Axes
  2619 | D:4      | Reached XP level 6. HP: 55/55 MP: 4/6
  2746 | D:4      | Found a white marble altar of Elyvilon.
  2746 | D:4      | Found a sacrificial altar of Ru.
  2761 | D:4      | Noticed Blork the orc
  2771 | D:4      | Killed Blork the orc
  2772 | D:4      | Reached skill level 5 in Fighting
  3004 | D:4      | Reached skill level 7 in Axes
  3004 | D:4      | Reached XP level 7. HP: 61/61 MP: 7/7
  3045 | D:4      | Identified the +1 ring mail of the Holding Gods {rElec rN++
                  | Str-4 Stlth+}
  3283 | D:5      | Entered Level 5 of the Dungeon
  3584 | D:5      | Reached skill level 8 in Axes
  3588 | D:5      | Reached XP level 8. HP: 70/70 MP: 4/8
  3598 | D:5      | Noticed Pikel
  3623 | D:5      | Killed Pikel
  3624 | D:5      | Reached skill level 9 in Axes
  3771 | D:5      | Reached skill level 5 in Armour
  3845 | D:6      | Noticed Prince Ribbit
  3866 | D:6      | Reached skill level 10 in Axes
  3866 | D:6      | Reached XP level 9. HP: 70/79 MP: 4/9
  3869 | D:6      | Killed Prince Ribbit
  3898 | D:6      | Reached skill level 5 in Dodging
  3902 | D:6      | Found a staircase to the Ecumenical Temple.
  3917 | Temple   | Entered the Ecumenical Temple
  4026 | Temple   | Became a worshipper of Qazlal Stormbringer
  4026 | Temple   | Reached * piety under Qazlal
  4026 | Temple   | Reached ** piety under Qazlal
  4171 | D:6      | Found a radiant altar of Vehumet.
  4425 | D:7      | Reached skill level 1 in Invocations
  4538 | D:7      | Reached skill level 11 in Axes
  4596 | D:7      | Noticed a +0 dagger
  4597 | D:7      | Noticed a +0 dagger
  4598 | D:7      | Found a hide-covered altar of Uskayaw.
  4667 | D:7      | Found a hazy altar of Hepliaklqana.
  4757 | D:7      | Found an iron altar of Okawaru.
  4851 | D:7      | Found a basalt altar of Yredelemnul.
  5030 | D:8      | Identified a scroll of acquirement
  5118 | D:8      | Reached XP level 10. HP: 62/88 MP: 6/12
  5119 | D:8      | Reached *** piety under Qazlal
  5120 | D:8      | Reached skill level 1 in Evocations
  5125 | D:8      | Reached skill level 12 in Axes
  5475 | D:8      | Noticed Maggie
  5493 | D:8      | Killed Maggie
  5932 | D:8      | Reached skill level 5 in Invocations
  6008 | D:8      | Reached **** piety under Qazlal
  6119 | D:9      | Reached skill level 13 in Axes
  6350 | D:9      | Found a staircase to the Orcish Mines.
  6448 | D:9      | Reached XP level 11. HP: 83/97 MP: 12/15
  6628 | D:9      | Noticed a two-headed ogre
  6734 | D:9      | Killed a two-headed ogre
  7001 | D:9      | Found a blossoming altar of Fedhas.
  7457 | D:10     | Entered Level 10 of the Dungeon
  7811 | D:10     | Noticed a moth of wrath
  7851 | D:10     | Noticed puimuR's ghost (novice VSVM)
  7860 | D:10     | Found a transporter.
  7880 | D:10     | Found a transporter.
  7924 | D:10     | Noticed Josephine
  7936 | D:10     | Killed Josephine
  8157 | D:11     | Noticed Erica
  8174 | D:11     | Killed Erica
  8175 | D:11     | Reached skill level 14 in Axes
  8229 | D:11     | Noticed a two-headed ogre
  8534 | D:11     | Killed a two-headed ogre
  8644 | D:11     | Reached skill level 10 in Fighting
  8702 | D:11     | Found a staircase to the Lair.
  8702 | D:11     | Noticed a manticore
  8717 | D:11     | Killed a manticore
  9002 | Lair:1   | Entered Level 1 of the Lair of Beasts
  9020 | Lair:1   | Reached XP level 12. HP: 56/106 MP: 7/17
  9053 | Lair:1   | Reached skill level 15 in Axes
  9370 | Lair:1   | Identified the +0 plate armour of the Shining Light {-Cast
                  | rC+++ Str+8 Int-2}
  9435 | Lair:1   | Reached ***** piety under Qazlal
 10669 | Lair:2   | Reached skill level 16 in Axes
 10713 | Lair:2   | Noticed a catoblepas
 10732 | Lair:2   | Noticed a five-headed hydra
 10736 | Lair:2   | Killed a catoblepas
 10750 | Lair:1   | Killed a one-headed hydra
 11008 | Lair:2   | Noticed a four-headed hydra
 11020 | Lair:2   | Killed a one-headed hydra
 11110 | Lair:2   | Found a staircase to the Swamp.
 11125 | Lair:2   | Reached XP level 13. HP: 110/116 MP: 16/20
 11244 | Lair:2   | Found a staircase to the Snake Pit.
 11566 | Lair:2   | Found a runed translucent door.
 11566 | Lair:2   | Noticed Xudgha's ghost (journeyman MiFi)
 12068 | Lair:3   | Reached skill level 10 in Armour
 12080 | Lair:3   | Reached skill level 17 in Axes
 12273 | Lair:3   | Reached skill level 10 in Invocations
 12942 | Lair:4   | Noticed Kirke
 13058 | Lair:4   | Killed Kirke
 13184 | Lair:4   | Identified the +5 quarterstaff of the Growing Gods {spect,
                  | Fragile rPois Will+ Int+2}
 13473 | Lair:4   | Reached skill level 18 in Axes
 13921 | Lair:4   | Found a staircase to the Slime Pits.
 14128 | Lair:5   | Entered Level 5 of the Lair of Beasts
 14187 | Lair:4   | Reached XP level 14. HP: 112/127 MP: 19/22
 14222 | Lair:4   | Reached ****** piety under Qazlal
 15418 | Lair:5   | Acquired 985 gold pieces
 15581 | Lair:5   | Reached skill level 19 in Axes
 16182 | Lair:5   | Identified the +1 robe of the Garden {rCorr}
 16423 | Orc:1    | Entered Level 1 of the Orcish Mines
 16542 | Orc:1    | Found a roughly hewn altar of Beogh.
 17047 | Orc:2    | Entered Level 2 of the Orcish Mines
 17086 | Orc:2    | Paralysed by an orc sorcerer for 4 turns
 17091 | Orc:2    | HP: 6/129 [deep troll (12)]
 17400 | Orc:1    | HP: 6/129 [deep troll (13)]
 17400 | Orc:1    | Slain by a deep troll

Illustrated notes

Levels and vault maps discovered:
D:1:      minmay_arrival_diagonal_passages, layout_rooms
D:2:      layout_basic, basic_altar, reono_crystal_passage, kennysheep_donut
D:3:      layout_basic, uniq_natasha
D:4:      layout_loops_ring, nicolae_overflow_two_pavilions,
          hangedman_abyss_or_decor_passed, uniq_blork_the_orc
D:5:      layout_basic, dreamdust_princess_corridor, uniq_pikel
D:6:      layout_rooms, fiery_altar_vehumet, minmay_temple_entry_offerings,
          corexii_leaking_fountain, uniq_prince_ribbit1
D:7:      layout_gridville, dancing_weapons_uskayaw,
          mainiacjoe_overflow_alcove_4, mainiacjoe_overflow_boulevard,
          nicolae_yredelemnul_corpse_copse, nicolae_figureground_pulse
D:8:      layout_gridville, uniq_maggie
D:9:      layout_stronghold, nicolae_overflow_crystal_walls, erik_orc_4
D:10:     layout_roguey, gammafunk_ghost_berserking_beasts, uniq_josephine
D:11:     layout_roguey, lair_entry_dummy, uniq_erica
Temple:   jpeg_temple_clearing
Lair:1:   layout_cave_pods, nicolae_lair_grazing_beasts
          [nicolae_sub_lair_graze_edge, nicolae_sub_lair_graze_edge,
          nicolae_sub_lair_graze_edge, nicolae_sub_lair_graze_edge],
          serial_bayou_shore_a
Lair:2:   layout_long_grid, swamp_mist_pool, nicolae_snake_entry_warm_welcome,
          ebering_ghost_reflecting_pool, nicolae_lair_grove_arrangements
Lair:3:   layout_hall_layers, fungi_pond_lemuel, grunt_megastairs_1
Lair:4:   layout_long_grid, slime_entry_1, uniq_kirke
Lair:5:   hangedman_lair_tendril_chambers, layout_cave_pods,
          guppyfry_lair_end_dragon, minivault_11, disabler_island,
          infiniplex_staircase_pool_2
Orc:1:    nicolae_orc_accident_3, layout_diamond_mine, basic_altar
Orc:2:    st_orc_open, layout_caves

Skill      XL: |  1  2  3  4  5  6  7  8  9 10 11 12 13 14 |
---------------+-------------------------------------------+-----
Armour         | 1 2 3 4 5 6 7 8 9 10 11 | 11.6
Fighting       | 4 5 6 7 8 9 10 11 12 13 | 13.2
Axes           | 5 6 7 8 10 11 13 14 16 18 19 | 19.3
Dodging        | 3 4 5 6 7 8 9 |  9.4
Invocations    | 3 5 7 9 10 12 | 12.7
Evocations     | 3 4 |  4.0

Action                     |  1- 3 |  4- 6 |  7- 9 | 10-12 | 13-15 || total
---------------------------+-------+-------+-------+-------+-------++-------
  Melee: Hand axe          |    71 |   106 |   294 |   200 |    19 ||   690
         War axe           |       |       |       |   233 |       ||   233
         Battleaxe         |       |       |       |   105 |   531 ||   636
         Unarmed           |       |       |       |       |     2 ||     2
         Punch             |       |       |       |       |     1 ||     1
 Invoke: Disaster Area     |       |       |       |       |     1 ||     1
  Evoke: Wand              |       |       |       |       |    10 ||    10
    Use: Scroll            |       |     5 |     9 |     6 |    10 ||    30
         Potion            |       |       |       |     1 |     2 ||     3
   Stab: Confused          |       |       |       |       |     1 ||     1
 Armour: Ring mail         |    12 |       |       |       |       ||    12
         Robe              |     3 |    20 |    73 |    20 |       ||   116
         Steam dragon scal |       |       |       |    21 |       ||    21
         Chain mail        |       |       |       |    92 |       ||    92
         Plate armour      |       |       |       |    46 |   317 ||   363
  Dodge: Dodged            |    28 |    49 |   199 |   287 |   246 ||   809
         Repelled          |       |       |       |     3 |     5 ||     8
  Block: Orb               |       |       |    24 |   111 |       ||   135
         Other             |       |       |       |    26 |   188 ||   214
